Map: Temple gelé

Players

Antonio - Winner!

  • Race: Terran Terran
  • League: Gold
  • Spawn Location: 11:00

zidar

  • Race: Zerg Zerg
  • League: Platinum
  • Spawn Location: 5:00

VOD

Have the link to the VOD?

Description

Time

  • Played on: Oct. 8, 2016, 2:50 p.m.
  • Length: 15:16
Show
View Real Time Build Order
Export as new Build Order

Antonio Terran - Winner!

Build Orders:  

Get SALT Encoding   

  12  0:01  SCV  
  13  0:13  SCV  
  14  0:20  Supply Depot  
  14  0:25  SCV  
  15  0:42  SCV  
  16  0:47  Barracks  
  16  0:54  SCV  
  17  1:12  Refinery  
  17  1:34  Command Center  
  17  1:38  Supply Depot  
  17  1:48  SCV  
  17  1:50  Marine  
  17  1:51  Bunker  
  19  2:01  Orbital Command  
  19  2:12  Marine  
  20  2:23  Refinery  
  20  2:49  Marine  
  20  2:50  Orbital Command  
  21  3:00  SCV  
  21  3:01  Factory  
  21  3:02  Barracks  
  22  3:07  Marine  
  23  3:14  SCV  
  24  3:25  Barracks Tech Lab  
  24  3:28  SCV  
  24  3:30  SCV  
  26  3:44  SCV x2  
  26  3:46  Engineering Bay  
  28  3:52  Barracks Tech Lab  
  28  3:56  SCV  
  28  3:57  Siege Tank  
  28  3:59  Barracks Tech Lab, SCV  
  33  4:08  SCV  
  34  4:11  SCV  
  34  4:12  Refinery  
  34  4:13  Marauder  
  34  4:14  Concussive Shells  
  37  4:19  Marauder  
  39  4:30  Starport  
  39  4:36  Siege Tank  
  42  4:39  Marauder  
  44  4:48  SCV  
  45  4:54  SCV  
  45  4:56  Refinery  
  45  4:59  Supply Depot  
  46  5:20  Starport Reactor  
  46  5:21  Marauder, SCV x2  
  50  5:25  Supply Depot  
  50  5:27  Missile Turret  
  50  5:31  Missile Turret  
  50  5:32  Siege Tank  
  50  5:33  SCV  
  54  5:37  Stimpack  
  54  5:43  Supply Depot  
  54  5:47  Marauder  
  55  6:06  Marauder, Medivac x2  
  55  6:10  SCV x2  
  63  6:14  Barracks  
  63  6:16  Barracks  
  63  6:22  SCV  
  63  6:23  SCV  
  65  6:27  Marine, Marauder  
  68  6:34  SCV  
  69  6:45  Supply Depot, Terran Infantry Weapons Level 1  
  69  6:47  Viking x2, Siege Tank  
  73  6:52  Engineering Bay  
  77  6:54  SCV x2  
  78  7:08  Marine x2, Marauder x2  
  84  7:18  Barracks  
  84  7:25  Marine  
  84  7:26  Marine  
  86  7:45  Supply Depot  
  86  7:50  Barracks Tech Lab, Barracks Reactor  
  86  8:06  Marine, Medivac  
  86  8:07  Marauder x2  
  93  8:19  Marine  
  94  8:20  Command Center  
  94  8:21  Combat Shield  
  94  8:43  Terran Infantry Armor Level 1  
  94  8:57  Supply Depot x2  
  94  9:01  Liberator  
  94  9:18  Marine x4, Viking  
  94  9:19  Marauder x2, Missile Turret  
  94  9:22  Missile Turret  
  107  9:25  Armory  
  107  9:26  Missile Turret  
  107  9:34  Missile Turret  
  107  9:36  Marine x3  
  110  9:40  Marine, Marauder, Missile Turret x2  
  110  9:42  Missile Turret  
  110  9:44  Liberator  
  113  9:48  Viking  
  113  9:51  Missile Turret  
  113  9:52  Planetary Fortress  
  113  10:01  Marine  
  113  10:02  Marine x2  
  119  10:13  Terran Infantry Weapons Level 2  
  119  10:15  Terran Ship Weapons Level 1  
  119  10:16  Marine x2, Marauder  
  119  10:18  Viking  
  119  10:19  Marine  
  127  10:28  SCV x2  
  127  10:29  SCV  
  129  10:38  Marine x2, Marauder  
  133  10:57  Marine  
  133  10:58  Marine  
  133  11:02  SCV  
  132  11:32  Marauder, SCV  
  117  11:33  SCV  
  117  11:39  Viking  
  117  11:45  SCV  
  117  11:49  Marauder  
  117  11:50  Marauder  
  117  11:52  Marine x3  
  117  11:54  Marauder  
  91  12:08  Hellbat  
  91  12:09  Marine  
  91  12:10  Marine x2, Marauder, Terran Vehicle Weapons Level 1  
  91  12:11  Marauder  
  91  12:15  Marauder  
  86  12:27  Marine x2  
  86  12:28  Marine  
  91  12:30  Hellbat  
  91  12:32  Marauder, Command Center  
  91  12:33  Marauder  
  91  12:36  Marauder  
  97  12:45  Marine x3  
  102  12:51  Hellbat  
  102  12:53  Marauder  
  102  12:54  Marauder  
  102  12:58  Marauder  
  108  13:03  Marine x3  
  108  13:05  Command Center  
  108  13:07  Missile Turret  
  105  13:14  Marauder  
  105  13:16  Marauder  
  105  13:19  Marauder  
  82  13:27  Marine x3  
  85  13:35  Marine  
  85  13:36  Marine  
  85  13:40  Marine  
  88  13:44  Orbital Command  
  88  13:45  Marine x3  
  91  13:48  Viking x2  
  91  13:53  Marine  
  91  13:54  Marine  
  97  13:58  Marine  
  98  14:15  Supply Depot  
  98  14:16  Supply Depot  
  98  14:18  Viking x2  
  98  14:21  Supply Depot  
  102  14:28  Planetary Fortress  
Show
View Real Time Build Order
Export as new Build Order

zidar Zerg 

Build Orders: Hatch First, Muta Ling Bane 

Get SALT Encoding   

  12  0:02  Drone  
  13  0:12  Overlord  
  13  0:18  Drone  
  14  0:31  Drone x2  
  14  0:34  Drone  
  17  0:56  Hatchery  
  16  0:58  Drone  
  16  1:02  Extractor  
  16  1:04  Drone  
  17  1:25  Spawning Pool, Drone  
  16  1:28  Drone  
  17  1:43  Drone  
  18  1:50  Drone  
  19  2:00  Overlord  
  19  2:12  Queen  
  19  2:14  Queen  
  19  2:15  Metabolic Boost  
  23  2:22  Zergling x4  
  25  2:37  Overlord  
  25  2:39  Zergling x6  
  28  2:56  Drone x3  
  31  3:04  Extractor  
  30  3:11  Baneling Nest  
  29  3:17  Drone  
  29  3:18  Drone x3  
  33  3:42  Lair  
  33  3:52  Drone x3  
  36  3:58  Overlord  
  36  4:09  Pneumatized Carapace  
  36  4:28  Drone x8  
  44  4:33  Overlord x4  
  44  4:40  Centrifical Hooks  
  44  4:52  Queen  
  46  5:02  Baneling x4  
  46  5:03  Baneling  
  46  5:04  Baneling x2  
  46  5:05  Zergling x10  
  51  5:22  Evolution Chamber  
  51  5:27  Evolution Chamber  
  49  5:31  Spire  
  48  5:55  Hatchery  
  48  5:56  Queen  
  47  6:04  Zerg Melee Weapons Level 1  
  49  6:05  Zerg Ground Armor Level 1  
  49  6:10  Drone x10  
  59  6:16  Extractor  
  58  6:20  Extractor  
  58  6:23  Zergling x10  
  62  6:35  Drone x6  
  68  6:59  Zergling x10  
  68  7:00  Zergling x6  
  76  7:02  Baneling x3  
  76  7:03  Baneling  
  76  7:05  Zerg Flyer Weapons Level 1  
  76  7:09  Overseer  
  76  7:15  Drone x3  
  76  7:16  Drone  
  80  7:27  Drone x2  
  80  7:29  Overlord x3  
  82  7:30  Overlord x2  
  82  8:00  Zergling x24  
  94  8:07  Mutalisk  
  94  8:10  Baneling  
  94  8:11  Baneling x9  
  96  8:27  Overlord  
  96  8:28  Overlord x3  
  96  8:30  Mutalisk  
  96  8:31  Mutalisk x3  
  104  8:36  Zerg Ground Armor Level 2, Zerg Melee Weapons Level 2  
  104  8:44  Drone  
  106  8:48  Drone  
  106  8:50  Drone x3  
  109  9:18  Extractor  
  109  9:23  Extractor  
  107  9:27  Zerg Flyer Weapons Level 2  
  107  9:31  Zergling x16, Infestation Pit  
  109  9:32  Zergling x8  
  109  9:33  Zergling x8  
  109  9:34  Baneling  
  109  9:35  Baneling x12  
  109  9:36  Baneling x5  
  122  9:50  Mutalisk  
  124  10:14  Drone x9  
  133  10:23  Hive  
  133  10:26  Drone  
  133  10:27  Drone x2  
  133  10:28  Drone x2  
  138  10:56  Hatchery  
  97  11:39  Corruptor x2  
  96  11:40  Corruptor x4  
  96  11:41  Corruptor x4  
  96  12:26  Zergling x6  
  99  12:34  Hatchery  
  98  12:43  Hatchery  
  97  12:48  Zergling x6  
  97  12:49  Zergling x4  
  86  13:25  Zergling x12  
  89  13:31  Queen  
  91  13:52  Zergling x6  
  91  13:53  Zergling x2  
  95  13:58  Extractor  
  95  14:01  Extractor  
  93  14:07  Zergling x8  
  97  14:16  Baneling Nest  
  96  14:34  Ultralisk Cavern  
  93  14:47  Baneling  
  93  14:48  Baneling x13  
  93  14:59  Zergling x2  
Tags
 
Composition
Muta Ling Bane
Matchup
TvZ
Spawn Locations
Cross Positions
Add a new tag
Caveats
  • Supply blocks, unpowered buildings, or Contaminate may cause inaccurate times.
  • Supply counts are checked every 10 seconds.